Map: [ESL] Oceanborn

Players

Dolan

  • Race: Terran Terran
  • League: Master
  • Spawn Location: 11:00

Harstem - Winner!

  • Race: Protoss Protoss
  • League: Grandmaster
  • Spawn Location: 5:00

Event: HomeStory Cup XXIV

VOD

Have the link to the VOD?

Description

Time

  • Played on: Dec. 1, 2023, 7:30 a.m.
  • Length: 8:59

All games in this series

Show
View Real Time Build Order
Export as new Build Order

Dolan Terran 

Build Orders: Mech 

Get SALT Encoding   

  12  0:00  SCV  
  13  0:12  SCV  
  14  0:17  Supply Depot  
  14  0:24  SCV  
  15  0:38  SCV  
  15  0:39  Barracks  
  15  0:42  Refinery  
  16  0:50  SCV  
  16  0:52  Refinery  
  17  1:02  SCV  
  18  1:04  Supply Depot  
  18  1:14  SCV  
  19  1:27  Orbital Command, Reaper  
  20  1:39  Factory  
  20  1:52  SCV  
  21  2:04  Barracks Reactor  
  21  2:05  SCV  
  22  2:17  SCV  
  22  2:19  Command Center  
  23  2:23  Hellion  
  25  2:30  SCV  
  25  2:34  Supply Depot  
  26  2:39  Reaper  
  26  2:40  Reaper  
  26  2:42  SCV  
  29  2:46  Hellion  
  31  2:58  SCV  
  31  3:05  Starport  
  31  3:10  SCV  
  32  3:22  SCV  
  32  3:23  Barracks Tech Lab, Cyclone  
  32  3:25  Cyclone  
  37  3:29  Refinery  
  37  3:35  SCV  
  38  3:48  Orbital Command  
  38  3:49  SCV  
  38  3:50  Raven  
  38  3:55  Cyclone  
  43  3:57  Cyclone  
  43  4:01  SCV  
  46  4:03  Interference Matrix  
  46  4:06  Supply Depot  
  46  4:10  Refinery  
  46  4:16  SCV x2  
  48  4:25  Raven  
  48  4:28  Cyclone  
  48  4:29  Cyclone  
  48  4:31  SCV  
  55  4:36  Barracks Tech Lab, Supply Depot  
  55  4:45  SCV x2  
  57  4:57  SCV x2  
  57  4:58  Supply Depot  
  59  5:05  Factory x2  
  59  5:17  Starport Reactor, Hellion x2, SCV x2  
  59  5:20  Supply Depot  
  65  5:27  Supply Depot  
  65  5:29  SCV x2  
  67  5:38  Cyclone x2  
  67  5:42  SCV x2  
  73  5:49  Siege Tank x2  
  79  5:50  Infernal Pre-Igniter  
  79  5:56  Supply Depot  
  79  6:01  SCV x2  
  79  6:03  Liberator x2  
  87  6:09  Supply Depot  
  87  6:17  Hellion x2  
  91  6:25  Siege Tank  
  94  6:26  Siege Tank  
  97  6:35  SCV x2  
  97  6:38  Widow Mine, Supply Depot  
  97  6:39  Widow Mine, Engineering Bay  
  103  6:44  Armory  
  103  6:49  SCV x2  
  105  6:57  Supply Depot  
  105  6:59  Supply Depot  
  105  7:00  Hellion x2  
  109  7:07  Siege Tank x2  
  115  7:20  Liberator  
  115  7:21  Widow Mine x2  
  107  7:52  Siege Tank  
  107  7:53  Siege Tank, Hellion x2  
  107  7:55  SCV x2  
  106  8:22  Hellion x2  
  106  8:24  Siege Tank  
  106  8:25  Siege Tank  
  89  8:50  Missile Turret  
  89  8:51  Missile Turret  
  89  8:52  Missile Turret x2  
  89  8:53  Missile Turret  
Show
View Real Time Build Order
Export as new Build Order

Harstem Protoss - Winner!

Build Orders: 1 Gate Expand, Phoenix Opening 

Get SALT Encoding   

  12  0:00  Probe  
  13  0:12  Probe  
  14  0:17  Pylon  
  14  0:24  Probe (Chrono Boost)  
  15  0:36  Gateway, Probe (Chrono Boost)  
  16  0:44  Probe (Chrono Boost)  
  16  0:45  Assimilator  
  17  0:51  Probe  
  18  1:03  Probe  
  19  1:15  Probe  
  20  1:23  Cybernetics Core  
  20  1:33  Nexus  
  20  1:39  Pylon  
  20  1:43  Probe  
  21  1:47  Assimilator  
  21  1:55  Probe  
  21  1:57  Adept (Chrono Boost)  
  24  2:07  Shield Battery  
  24  2:09  Probe  
  25  2:19  Adept  
  25  2:21  Probe  
  28  2:33  Stargate  
  28  2:35  Probe (Chrono Boost)  
  29  2:44  Warp Gate  
  29  2:47  Probe (Chrono Boost)  
  29  2:50  Probe (Chrono Boost)  
  31  2:52  Probe (Chrono Boost)  
  31  2:57  Probe  
  34  3:01  Probe  
  35  3:09  Probe  
  36  3:13  Probe  
  36  3:17  Phoenix  
  37  3:21  Probe  
  37  3:25  Robotics Facility, Adept (Chrono Boost)  
  39  3:33  Gateway  
  39  3:35  Pylon  
  39  3:38  Cybernetics Core, Probe  
  39  3:40  Probe  
  40  3:45  Phoenix (Chrono Boost)  
  42  3:53  Pylon  
  42  3:54  Probe  
  43  3:56  Assimilator  
  43  3:58  Probe  
  44  4:02  Assimilator  
  44  4:06  Phoenix  
  44  4:08  Probe  
  47  4:10  Probe  
  48  4:20  Probe  
  48  4:21  Immortal (Chrono Boost)  
  48  4:22  Probe  
  54  4:29  Pylon  
  54  4:32  Probe  
  54  4:35  Probe  
  54  4:37  Phoenix  
  58  4:45  Probe  
  59  4:49  Robotics Bay  
  59  4:51  Probe  
  60  4:57  Observer, Pylon  
  60  4:58  Probe  
  63  5:08  Phoenix  
  63  5:13  Nexus  
  65  5:15  Pylon  
  65  5:17  Probe  
  65  5:19  Probe  
  66  5:29  Probe  
  66  5:31  Immortal (Chrono Boost)  
  66  5:33  Phoenix  
  66  5:34  Sentry  
  75  5:37  Observer, Probe  
  75  5:41  Probe  
  77  5:49  Probe  
  78  5:51  Shield Battery  
  78  5:55  Forge  
  79  5:58  Phoenix  
  86  6:10  Pylon  
  86  6:16  Probe x2  
  86  6:21  Twilight Council  
  86  6:26  Immortal (Chrono Boost)  
  86  6:28  Probe x2  
  86  6:35  Robotics Facility  
  86  6:36  Gateway  
  86  6:37  Gateway  
  86  6:38  Phoenix  
  88  6:40  Probe, Stalker x2  
  88  6:41  Probe  
  88  6:42  Protoss Ground Weapons Level 1 (Chrono Boost)  
  95  6:50  Shield Battery  
  95  6:52  Probe  
  95  6:55  Probe  
  95  6:59  Disruptor (Chrono Boost), Probe  
  95  7:00  Shield Battery  
  97  7:03  Phoenix  
  97  7:04  Probe  
  104  7:10  Sentry  
  104  7:12  Stalker  
  108  7:17  Pylon  
  108  7:24  Probe  
  108  7:27  Shield Battery  
  108  7:28  Shield Battery  
  108  7:29  Pylon  
  113  7:40  Stalker x2  
  113  7:41  Disruptor (Chrono Boost)  
  115  7:45  Zealot  
  111  7:53  Phoenix  
  117  7:58  Stalker  
  108  8:20  Pylon  
  102  8:33  Pylon  
  100  8:38  Probe, Phoenix (Chrono Boost)  
  100  8:39  Probe  
  100  8:40  Pylon  
  101  8:46  Pylon, Probe  
Tags
 
Add a new tag
Caveats
  • Supply blocks, unpowered buildings, or Contaminate may cause inaccurate times.
  • Supply counts are checked every 10 seconds.